| TOP OF THE 1ST |
|
Round Rock Express batting - Pitching for San Antonio Missions : RHP William Fewox
|
|
Pitching: RHP William Fewox
|
|
|
Batting: LHB Steve Lyons
|
0-0: Foul Ball, location: 2F 0-1: Called Strike 0-2: Ball 1-2: Foul Ball, location: 2F 1-2: Foul Ball, location: 2F 1-2: Strikes out swinging
|
|
Batting: RHB George Ramos
|
0-0: Ball 1-0: Ball 2-0: Swinging Strike 2-1: Foul Ball, location: 2F 2-2: Ball 3-2: Base on Balls
|
|
Batting: RHB Alejandro Sanchez
|
0-0: Called Strike 0-1: Fly out, F9 (Flyball, 89D, EV 97.5 MPH) Runner from 1st tags up, SAFE at 2nd
|
|
Batting: LHB Dave Sanchez
|
0-0: Ball 1-0: Ball 2-0: Called Strike 2-1: Called Strike 2-2: Foul Ball, location: 2F 2-2: Foul Ball, location: 2F 2-2: Fly out, F8 (Line Drive, 8LD, EV 99.4 MPH)
|
| Top of the 1st over - 0 runs, 0 hits, 0 errors, 1 left on base; Round Rock 0 - San Antonio 0 |
| BOTTOM OF THE 1ST |
|
San Antonio Missions batting - Pitching for Round Rock Express : RHP Jesus Manaure
|
|
Pitching: RHP Jesus Manaure
|
|
|
Batting: SHB Wallace Johnson
|
0-0: Foul Ball, location: 2F 0-1: Fly out, F2 (Popup, 2R, EV 93.8 MPH)
|
|
Batting: RHB Ivan Calderon
|
0-0: Ball 1-0: Called Strike 1-1: Foul Ball, location: 2F 1-2: Ball 2-2: Ball 3-2: Base on Balls
|
|
Batting: RHB Ed Hearn
|
0-0: Ball Ivan Calderon is caught stealing 2nd base 2-4 1-0: Ground out 4-3 (Groundball, 34, EV 89.4 MPH)
|
| Bottom of the 1st over - 0 runs, 0 hits, 0 errors, 0 left on base; Round Rock 0 - San Antonio 0 |
| TOP OF THE 2ND |
|
Round Rock Express batting - Pitching for San Antonio Missions : RHP William Fewox
|
|
Batting: LHB James Jennings
|
0-0: Ball 1-0: Swinging Strike 1-1: Ball 2-1: Foul Ball, location: 2F 2-2: Foul Ball, location: 2F 2-2: Ball 3-2: Fly out, F1 (Line Drive, P, EV 70.6 MPH)
|
|
Batting: RHB Martyn Maxwell
|
0-0: Ball 1-0: Ball 2-0: Called Strike 2-1: Called Strike 2-2: Strikes out swinging
|
|
Batting: RHB George Gross
|
0-0: Ball 1-0: Ground out 6-3 (Groundball, 6, EV 83.1 MPH)
|
| Top of the 2nd over - 0 runs, 0 hits, 0 errors, 0 left on base; Round Rock 0 - San Antonio 0 |
| BOTTOM OF THE 2ND |
|
San Antonio Missions batting - Pitching for Round Rock Express : RHP Jesus Manaure
|
|
Batting: RHB Larry Hamilton
|
0-0: Ball 1-0: Ball 2-0: Foul Ball, location: 2F 2-1: Ball 3-1: Swinging Strike 3-2: Base on Balls
|
|
Batting: RHB Andrew Walker
|
0-0: Called Strike 0-1: Ball 1-1: Ball 2-1: Fly out, F4 (Flyball, 34D, EV 77.5 MPH)
|
|
Batting: RHB Jack Ayer
|
0-0: Called Strike 0-1: Swinging Strike 0-2: Ball 1-2: Ball 2-2: Foul Ball, location: 2F 2-2: SINGLE (Line Drive, 9S, EV 89.4 MPH) Larry Hamilton to second Runner from 2nd tries for 3rd, SAFE, no throw by RF
|
|
Batting: SHB Jose Moreno
|
0-0: Called Strike Jack Ayer steals 2nd base (no throw) 0-1: Foul Ball, location: 2F 0-2: Foul Ball, location: 2F 0-2: Ball 1-2: Ball 2-2: Ball 3-2: Ground out 5-3 (Groundball, 56, EV 86.9 MPH) Larry Hamilton scores
|
|
Batting: LHB Matt Nokes
|
0-0: Ball 1-0: Called Strike 1-1: Ball 2-1: Ball 3-1: Foul Ball, location: 2F 3-2: Strikes out looking
|
| Bottom of the 2nd over - 1 run, 1 hit, 0 errors, 1 left on base; Round Rock 0 - San Antonio 1 |
| TOP OF THE 3RD |
|
Round Rock Express batting - Pitching for San Antonio Missions : RHP William Fewox
|
|
Batting: LHB Buck Showalter
|
0-0: Ball 1-0: Fly out, F9 (Flyball, 9LD, EV 83.8 MPH)
|
|
Batting: RHB Val Medina
|
0-0: Ball 1-0: Ball 2-0: Called Strike 2-1: Called Strike 2-2: Foul Ball, location: 2F 2-2: Ball 3-2: Fly out, F3 (Popup, 3L, EV 76.9 MPH)
|
|
Batting: LHB Steve Lyons
|
0-0: Ball 1-0: Fly out, F8 (Flyball, 89M, EV 95.0 MPH)
|
| Top of the 3rd over - 0 runs, 0 hits, 0 errors, 0 left on base; Round Rock 0 - San Antonio 1 |
| BOTTOM OF THE 3RD |
|
San Antonio Missions batting - Pitching for Round Rock Express : RHP Jesus Manaure
|
|
Batting: RHB Archie Amerson
|
0-0: Foul Ball, location: 2F 0-1: Ball 1-1: Foul Ball, location: 2F 1-2: Foul Ball, location: 2F 1-2: Ball 2-2: Foul Ball, location: 2F 2-2: Ball 3-2: Base on Balls
|
|
Batting: SHB Wallace Johnson
|
0-0: Called Strike 0-1: Grounds into double play, 4-6-3 (Groundball, 4, EV 81.3 MPH)
|
|
Batting: RHB Ivan Calderon
|
0-0: Fly out, F7 (Line Drive, 7D, EV 92.5 MPH)
|
| Bottom of the 3rd over - 0 runs, 0 hits, 0 errors, 0 left on base; Round Rock 0 - San Antonio 1 |
| TOP OF THE 4TH |
|
Round Rock Express batting - Pitching for San Antonio Missions : RHP William Fewox
|
|
Batting: RHB George Ramos
|
0-0: Swinging Strike 0-1: Swinging Strike 0-2: Strikes out looking
|
|
Batting: RHB Alejandro Sanchez
|
0-0: Swinging Strike 0-1: Fly out, F8 (Flyball, 8RM, EV 89.4 MPH)
|
|
Batting: LHB Dave Sanchez
|
0-0: Called Strike 0-1: Ball 1-1: Foul Ball, location: 2F 1-2: Strikes out swinging
|
| Top of the 4th over - 0 runs, 0 hits, 0 errors, 0 left on base; Round Rock 0 - San Antonio 1 |
| BOTTOM OF THE 4TH |
|
San Antonio Missions batting - Pitching for Round Rock Express : RHP Jesus Manaure
|
|
Batting: RHB Ed Hearn
|
0-0: Ball 1-0: Ball 2-0: Fly out, F4 (Popup, 3S, EV 86.3 MPH)
|
|
Batting: RHB Larry Hamilton
|
0-0: Swinging Strike 0-1: SINGLE (Flyball, 4D, EV 91.3 MPH)
|
|
Batting: RHB Andrew Walker
|
0-0: Called Strike 0-1: Ball 1-1: Foul Ball, location: 2F 1-2: Ball 2-2: Strikes out swinging
|
|
Batting: RHB Jack Ayer
|
0-0: Called Strike 0-1: Ball 1-1: SINGLE (Groundball, P, EV 94.4 MPH) (infield hit) Larry Hamilton to second
|
|
Batting: SHB Jose Moreno
|
0-0: Ball 1-0: Ball 2-0: Ground out U3 (Groundball, 34S, EV 81.9 MPH)
|
| Bottom of the 4th over - 0 runs, 2 hits, 0 errors, 2 left on base; Round Rock 0 - San Antonio 1 |
| TOP OF THE 5TH |
|
Round Rock Express batting - Pitching for San Antonio Missions : RHP William Fewox
|
|
Batting: LHB James Jennings
|
0-0: Called Strike 0-1: Ball 1-1: Foul Ball, location: 2F 1-2: Strikes out looking
|
|
Batting: RHB Martyn Maxwell
|
0-0: Called Strike 0-1: Foul Ball, location: 2F 0-2: Strikes out swinging
|
|
Batting: RHB George Gross
|
0-0: Ball 1-0: Called Strike 1-1: Called Strike 1-2: Strikes out swinging
|
| Top of the 5th over - 0 runs, 0 hits, 0 errors, 0 left on base; Round Rock 0 - San Antonio 1 |
| BOTTOM OF THE 5TH |
|
San Antonio Missions batting - Pitching for Round Rock Express : RHP Jesus Manaure
|
|
Batting: LHB Matt Nokes
|
0-0: Ball 1-0: Ball 2-0: Called Strike 2-1: Ball 3-1: Base on Balls
|
|
Batting: RHB Archie Amerson
|
0-0: Called Strike 0-1: Fly out, F2 (Popup, 2L, EV 96.3 MPH)
|
|
Batting: SHB Wallace Johnson
|
0-0: Grounds out, U3 (Groundball, 3L, EV 84.4 MPH)
|
|
Batting: RHB Ivan Calderon
|
0-0: Called Strike 0-1: Ball 1-1: Ball 2-1: Ball 3-1: Foul Ball, location: 2F 3-2: Foul Ball, location: 2F 3-2: Foul Ball, location: 2F 3-2: Fly out, F7 (Flyball, 78S, EV 91.9 MPH)
|
| Bottom of the 5th over - 0 runs, 0 hits, 0 errors, 1 left on base; Round Rock 0 - San Antonio 1 |
| TOP OF THE 6TH |
|
Round Rock Express batting - Pitching for San Antonio Missions : RHP William Fewox
|
|
Batting: LHB Buck Showalter
|
0-0: Ball 1-0: Called Strike 1-1: Ground out 4-3 (Groundball, 4MD, EV 78.8 MPH)
|
|
Batting: RHB Val Medina
|
0-0: Called Strike 0-1: Ball 1-1: Ball 2-1: Ball 3-1: Base on Balls
|
|
Batting: LHB Steve Lyons
|
0-0: Called Strike 0-1: Ball 1-1: Ball 2-1: Called Strike 2-2: Ball 3-2: Strikes out swinging Val Medina is caught stealing 2nd base 2-6 Batter strikes out.
|
| Top of the 6th over - 0 runs, 0 hits, 0 errors, 0 left on base; Round Rock 0 - San Antonio 1 |
| BOTTOM OF THE 6TH |
|
San Antonio Missions batting - Pitching for Round Rock Express : RHP Jesus Manaure
|
|
Batting: RHB Ed Hearn
|
0-0: Called Strike 0-1: SINGLE (Flyball, 34D, EV 91.9 MPH)
|
|
Batting: RHB Larry Hamilton
|
0-0: Ball 1-0: Ball 2-0: Foul Ball, location: 2F 2-1: Ball 3-1: Base on Balls Ed Hearn to second
|
|
Batting: RHB Andrew Walker
|
0-0: Called Strike 0-1: Foul Ball, location: 2F 0-2: Ball 1-2: Foul Ball, location: 2F 1-2: Fly out, F9 (Flyball, 9, EV 93.8 MPH)
|
|
Batting: RHB Jack Ayer
|
0-0: Ball 1-0: Fielders Choice at 2nd, 6-4 (Groundball, 6, EV 102.5 MPH) Ed Hearn to third
|
|
Batting: SHB Jose Moreno
|
0-0: Ball 1-0: Foul Ball, location: 2F 1-1: Foul Ball, location: 2F 1-2: Fly out, F9 (Line Drive, 9D, EV 86.3 MPH)
|
| Bottom of the 6th over - 0 runs, 1 hit, 0 errors, 2 left on base; Round Rock 0 - San Antonio 1 |
| TOP OF THE 7TH |
|
Round Rock Express batting - Pitching for San Antonio Missions : RHP William Fewox
|
|
Batting: RHB George Ramos
|
0-0: Ball 1-0: Swinging Strike 1-1: Foul Ball, location: 2F 1-2: Fly out, F9 (Flyball, 9, EV 91.3 MPH)
|
|
Batting: RHB Alejandro Sanchez
|
0-0: Ball 1-0: Ball 2-0: Ball 3-0: Called Strike 3-1: Called Strike 3-2: Strikes out swinging
|
|
Batting: LHB Dave Sanchez
|
0-0: Foul Ball, location: 2F 0-1: Ground out 6-3 (Groundball, 6M, EV 90.0 MPH)
|
| Top of the 7th over - 0 runs, 0 hits, 0 errors, 0 left on base; Round Rock 0 - San Antonio 1 |
| BOTTOM OF THE 7TH |
|
San Antonio Missions batting - Pitching for Round Rock Express : RHP Jesus Manaure
|
|
Batting: LHB Matt Nokes
|
0-0: Ball 1-0: Ball 2-0: Ball 3-0: Foul Ball, location: 2F 3-1: Foul Ball, location: 2F 3-2: Strikes out looking
|
|
Batting: RHB Archie Amerson
|
0-0: Ball 1-0: Foul Ball, location: 2F 1-1: Ball 2-1: SINGLE (Groundball, 6MD, EV 108.8 MPH)
|
|
Batting: SHB Wallace Johnson
|
0-0: SINGLE (Line Drive, 8RS, EV 108.1 MPH) Archie Amerson to second
|
|
Batting: RHB Ivan Calderon
|
0-0: Ball 1-0: Called Strike 1-1: Foul Ball, location: 2F 1-2: Strikes out swinging
|
|
Batting: RHB Ed Hearn
|
0-0: Called Strike 0-1: Ball 1-1: Called Strike 1-2: SINGLE (Groundball, 6S, EV 75.0 MPH) (infield hit) Archie Amerson to third Wallace Johnson to second
|
|
Batting: RHB Larry Hamilton
|
0-0: Ball 1-0: Foul Ball, location: 2F 1-1: SINGLE (Line Drive, 8LS, EV 90.6 MPH) Archie Amerson scores Wallace Johnson to third Ed Hearn to second Runner from 3rd tries for Home, SAFE, throw by CF to home
|
|
Batting: RHB Andrew Walker
|
0-0: Fly out, F8 (Flyball, 8LXD, EV 89.4 MPH)
|
| Bottom of the 7th over - 2 runs, 4 hits, 0 errors, 2 left on base; Round Rock 0 - San Antonio 3 |
| TOP OF THE 8TH |
|
Round Rock Express batting - Pitching for San Antonio Missions : RHP William Fewox
|
|
Batting: LHB James Jennings
|
0-0: Foul Ball, location: 2F 0-1: Ball 1-1: Called Strike 1-2: Strikes out swinging
|
|
Batting: RHB Martyn Maxwell
|
0-0: Ground out 5-3 (Groundball, 56, EV 104.4 MPH)
|
|
Batting: RHB George Gross
|
0-0: Ball 1-0: Ball 2-0: DOUBLE (Flyball, 8RD, EV 98.1 MPH)
|
|
Batting: LHB Buck Showalter
|
0-0: Ground out 4-3 (Groundball, 4, EV 106.3 MPH)
|
| Top of the 8th over - 0 runs, 1 hit, 0 errors, 1 left on base; Round Rock 0 - San Antonio 3 |
| BOTTOM OF THE 8TH |
|
San Antonio Missions batting - Pitching for Round Rock Express : RHP Jesus Manaure
|
|
Batting: RHB Jack Ayer
|
0-0: Swinging Strike 0-1: Ball 1-1: DOUBLE (Line Drive, 7LM, EV 112.5 MPH)
|
|
Batting: SHB Jose Moreno
|
0-0: Called Strike 0-1: Ball 1-1: Fly out, F9 (Flyball, 9, EV 65.6 MPH)
|
|
Batting: LHB Matt Nokes
|
0-0: Intentional Walk
|
|
Batting: RHB Archie Amerson
|
0-0: SINGLE (Line Drive, 7S, EV 100.0 MPH) Jack Ayer to third Matt Nokes to second
|
|
Batting: SHB Wallace Johnson
|
0-0: Ball 1-0: Called Strike 1-1: Swinging Strike 1-2: Fly out, F8 (Flyball, 8LS, EV 90.0 MPH)
|
|
Batting: RHB Ivan Calderon
|
0-0: Ball 1-0: Ball 2-0: Fielders Choice at 2nd, 6-4 (Groundball, 6, EV 100.6 MPH)
|
| Bottom of the 8th over - 0 runs, 2 hits, 0 errors, 3 left on base; Round Rock 0 - San Antonio 3 |
| TOP OF THE 9TH |
|
Round Rock Express batting - Pitching for San Antonio Missions : RHP William Fewox
|
|
Batting: RHB Val Medina
|
0-0: SINGLE (Line Drive, 89M, EV 92.5 MPH)
|
|
Batting: LHB Steve Lyons
|
0-0: Ball 1-0: Foul Ball, location: 2F 1-1: Ball 2-1: Grounds into double play, 5-4-3 (Groundball, 5, EV 81.3 MPH)
|
|
Batting: RHB George Ramos
|
0-0: Called Strike 0-1: SINGLE (Line Drive, 78S, EV 86.9 MPH)
|
|
Batting: RHB Alejandro Sanchez
|
0-0: Ball 1-0: Ball 2-0: Called Strike 2-1: Called Strike 2-2: Strikes out swinging
|
| Top of the 9th over - 0 runs, 2 hits, 0 errors, 1 left on base; Round Rock 0 - San Antonio 3 |
|